 Dungeon Crawl Stone Soup version 0.32-a0-411-g744942f433 (webtiles) character file.

Game seed: 10981517905343001941

84 javelincjr the Grasshopper (level 4, -3/34 HPs)
             Began as a Coglin Warper on Feb 20, 2024.
             Slain by Terence
             ... wielding a +0 falchion
              (8 damage)
             ... on level 2 of the Dungeon.
             The game lasted 00:04:55 (1015 turns).

javelincjr the Grasshopper (Coglin Warper)          Turns: 1015, Time: 00:04:55

Health: -3/34      AC:  7    Str: 13 (14) XL:     4   Next: 45%
Magic:  7/7        EV: 11    Int: 11 (12) God:
Gold:   86         SH:  0    Dex: 10 (13) Spells: 7/7 levels left

rFire   . . .        a - +0 hand axe {Akiya}
rCold   . . .        f - +0 dagger {Appius}
rNeg    . . .        g - +3 leather armour
rPois   .            (no helmet)
rElec   .            (no cloak)
rCorr   .            (no gloves)
SInv    .            i - +0 pair of boots
Will    .....        (no amulet)
Stlth   +            (no ring)
HPRegen 0.25/turn    (no ring)
MPRegen 0.10/turn

%: no passive effects
@: revved
A: off-hand wielding, slow wielding, warmup strikes, legs shutdown
a: no special abilities


You were on level 2 of the Dungeon.
You visited 1 branch of the dungeon, and saw 2 of its levels.

You collected 86 gold pieces.

Inventory:

Hand Weapons
 a - a +0 hand axe (weapon) {Akiya}
 f - a +0 dagger (offhand) {Appius}
Missiles
 d - 7 darts of dispersal (quivered)
Armour
 b - a +0 leather armour
 g - a +3 leather armour (worn)
 i - a +0 pair of boots (worn)
Magical Staves
 k - a staff of conjuration
Jewellery
 l - a ring of ice
Scrolls
 c - a scroll of blinking
 e - 2 scrolls of teleportation {unknown}
 h - a scroll of fear {unknown}
 o - a scroll of enchant weapon {unknown}
Potions
 j - a potion of heal wounds {unknown}
 m - a potion of ambrosia {unknown}
 n - a potion of degeneration
 p - a potion of might {unknown}


   Skills:
 + Level 2.4 Fighting
 + Level 2.4 Axes
 + Level 1.6 Throwing
 + Level 1.4 Armour
 + Level 2.2 Dodging
 + Level 2.1 Spellcasting
 + Level 3.3 Translocations


You had 7 spell levels left.
You didn't know any spells.
Your spell library contained the following spells:

 Spells                   Type           Power      Damage    Failure   Level
 Blink                    Tloc           16%        N/A       14%         2
 Lesser Beckoning         Tloc           16%        N/A       14%         2
 Teleport Other           Tloc           8%         N/A       28%         3
 Manifold Assault         Tloc           8%         N/A       67%         4
 Vhi's Electric Charge    Tloc/Air       8%         N/A       88%         4


Dungeon Overview and Level Annotations

Branches:
Dungeon (2/15)

Altars:

Annotations:
D:2 Terence


Innate Abilities, Weirdness & Mutations

You can wield a second weapon in your off-hand.
It takes a long time for you to wield or remove held weapons.
Your first few attacks do less damage.
Attacking and casting redirects power from your legs.


Message History

You barely miss Terence with your +0 hand axe.
Terence hits you with a +0 falchion.
You closely miss Terence with your +0 dagger.
Terence is heavily wounded.
You closely miss Terence with your +0 hand axe.
Terence closely misses you.
You barely miss Terence with your +0 dagger.
Terence is heavily wounded.
You hit Terence but do no damage. Terence closely misses you.
You closely miss Terence with your +0 dagger.
Terence is heavily wounded.
You hit Terence but do no damage. Terence hits you but does no damage.
Terence hits you with a +0 falchion.
You hit Terence but do no damage.
Terence is heavily wounded.
You hit Terence but do no damage. Terence hits you but does no damage.
You closely miss Terence with your +0 hand axe.
Terence is heavily wounded.
You closely miss Terence with your +0 dagger.
Terence hits you with a +0 falchion.
* * * LOW HITPOINT WARNING * * *
You hit Terence but do no damage.
Terence is heavily wounded.
You closely miss Terence with your +0 dagger.
Terence barely misses you.
You hit Terence with your +0 dagger.
Terence is heavily wounded.
You hit Terence but do no damage. Terence closely misses you.
You hit Terence with your +0 hand axe.
Terence is severely wounded.
You closely miss Terence with your +0 dagger.
Terence hits you with a +0 falchion.
* * * LOW HITPOINT WARNING * * *
It was a potion of degeneration.
There was something very wrong with that liquid.
You feel weakened.
You feel dopey.
You feel clumsy.
You are no longer unable to travel.
Terence hits you with a +0 falchion!
You die...
Terence says, "That felt goooood."

###########
#######..†@w.....
.........@# #.
########.#.# #.
#..........#
#.##.######.###
#.##.# #.#
####.##.# #.#
#....##.# #.#
#.#..##.# #.#
........# #.#


You could see Terence and a dart slug.

Vanquished Creatures
  A gnoll (D:1)
  An endoplasm (D:1)
  4 giant cockroaches
  6 goblins (D:1)
  2 hobgoblins
  4 jackals (D:2)
  2 quokkas (D:1)
  6 ball pythons
  4 bats
  A frilled lizard (D:1)
  5 kobolds
  3 rats
39 creatures vanquished.

Notes
Turn   | Place    | Note
-------+----------+-------------------------------------------
     0 | D:1      | javelincjr the Coglin Warper began the quest for the Orb.
     0 | D:1      | Reached XP level 1. HP: 16/16 MP: 3/3
    30 | D:1      | Reached skill level 1 in Armour
    79 | D:1      | Reached skill level 1 in Throwing
   152 | D:1      | Reached XP level 2. HP: 22/22 MP: 4/4
   399 | D:1      | Reached XP level 3. HP: 23/27 MP: 5/5
   685 | D:1      | Reached XP level 4. HP: 34/34 MP: 7/7
   990 | D:2      | Noticed Terence
  1015 | D:2      | Slain by Terence

Illustrated notes

Levels and vault maps discovered:
D:1:      minmay_arrival_hallway, layout_loops_ring
D:2:      layout_loops_ring, ebering_ecumenical_altar_webs, st_stairs_4,
          uniq_terence, uniq_robin

Skill      XL: |  1  2  3 |
---------------+----------+-----
Armour         | 1 |  1.4
Throwing       | 1 |  1.6
Dodging        | 2 |  2.2
Spellcasting   | 2 |  2.1
Fighting       | |  2.4
Axes           | |  2.4
Translocations | |  3.3

Action                     |  1- 3 |  4- 6 || total
---------------------------+-------+-------++-------
  Melee: Hand axe          |    64 |    54 ||   118
         Dagger            |    56 |    53 ||   109
    Use: Potion            |       |     1 ||     1
   Stab: Sleeping          |       |     1 ||     1
 Armour: Leather armour    |    45 |    50 ||    95
  Dodge: Dodged            |    36 |    59 ||    95

Table legend: (Time is in decaauts)
 A = Elapsed time spent in this place.
 B = Non-inter-level travel time spent in this place.
 C = Inter-level travel time spent in this place.
 D = Time resting spent in this place.
 E = Time spent auto-exploring this place.
 F = Levels seen in this place.
 G = Mean time per level.
                   A        B        C        D        E       F      G
               +--------+--------+--------+--------+--------+-----+--------+
         Total |   1026 |    996 |     30 |      0 |    720 |   2 |  513.0 |
       Dungeon |   1026 |    996 |     30 |      0 |    720 |   2 |  513.0 |
               +--------+--------+--------+--------+--------+-----+--------+

Top non-repeatable levels by time:
     D:1: 792 daAuts
     D:2: 234 daAuts
